 Dungeon Crawl Stone Soup version 0.30-a0-939-gc8157cb160 (webtiles) character file.

Game seed: 6098880780416139362

784 bande the Chopper (level 7, 0/44 HPs)
             Began as a Gargoyle Fighter on Mar 26, 2023.
             Slain by an ice beast (6 damage)
             ... on level 6 of the Dungeon.
             The game lasted 00:08:32 (5044 turns).

bande the Chopper (Gargoyle Fighter)                Turns: 5044, Time: 00:08:33

Health: 0/44       AC: 16    Str: 19    XL:     7   Next: 86%
Magic:  7/7        EV:  5    Int: 13    God:
Gold:   257        SH:  8    Dex: 11    Spells: 6/6 levels left

rFire   . . .      SeeInvis .    a - +1 war axe
rCold   . . .      Faith    .    r - +0 kite shield
rNeg    + . .      Spirit   .    f - +0 chain mail
rPois   ∞          Reflect  .    i - +0 helmet
rElec   +          Rampage  .    (no cloak)
rCorr   .                        m - +0 pair of gloves of Tomorrow {*Corrode Will++ Int+4 Stlth+}
Will    ++...                    (no boots) Stlth
                                 (no amulet)
HPRegen 0.27/turn                (no ring)
MPRegen 0.10/turn                (no ring)

@: no status effects
A: sickness immunity, AC +4, negative energy resistance 1, electricity
resistance, torment resistance 1, petrification resistance
a: no special abilities


You were on level 6 of the Dungeon.
You visited 2 branches of the dungeon, and saw 7 of its levels.
You also visited: Sewer.

You collected 257 gold pieces.

Inventory:

Hand Weapons
 a - a +1 war axe (weapon)
 n - a +0 flail
 q - a +0 broad axe
Armour
 f - a +0 chain mail (worn)
 i - a +0 helmet (worn)
 m - the +0 pair of gloves of Tomorrow (worn) {*Corrode Will++ Int+4 Stlth+}
   (You acquired it on level 3 of the Dungeon)

   Int:       It affects your intelligence (+4).
   *Corrode:  It may corrode you when you take damage.
   Will:      It greatly increases your willpower.
   Stlth:     It makes you more stealthy.
 r - a +0 kite shield (worn)
Wands
 b - a wand of light (11)
 p - a wand of paralysis (6)
Scrolls
 c - 2 scrolls of teleportation
 e - 2 scrolls of butterflies
 o - a scroll of identify
Potions
 d - 2 potions of might
 g - a potion of magic
 h - 2 potions of curing
 j - a potion of brilliance
 k - a potion of heal wounds
 l - 2 potions of flight


   Skills:
 + Level 4.9 Fighting
 + Level 5.6 Axes
 + Level 4.7 Armour
 - Level 0.2 Stealth
 + Level 4.7 Shields
 * Level 1.7 Evocations


You had 6 spell levels left.
You didn't know any spells.
Your spell library contained the following spells:

 Spells                   Type           Power      Damage    Failure   Level
 Borgnjor's Revivificati  Necr           0%         N/A       100%        8
 Necromutation            Tmut/Necr      0%         N/A       100%        8
 Death's Door             Necr           0%         N/A       100%        9


Dungeon Overview and Level Annotations

Branches:
Dungeon (6/15)             Temple (1/1) D:4           Sewer (visited)

Altars:
Cheibriados
Dithmenos
Elyvilon
Gozag
Hepliaklqana
Makhleb
Nemelex Xobeh
Qazlal
Ru
Sif Muna
Trog
Uskayaw
Vehumet
Wu Jian
Xom
Yredelemnul
Zin
The Shining One

Shops:
D:2 [


Innate Abilities, Weirdness & Mutations

You are immune to sickness and miasma.
Your stone body is resilient. (AC +4)
You are immune to poison.
You resist negative energy. (rN+)
You are resistant to electric shocks. (rElec)
You are resistant to unholy torment.
You are immune to petrification.


Message History

The ice beast hits you but does no damage.
The ogre hits you with a +0 giant club!
You are too injured to fight recklessly!
You are too injured to fight recklessly!
You are too injured to fight recklessly!
You are too injured to fight recklessly!
You are too injured to fight recklessly!
You are too injured to fight recklessly!
You are too injured to fight recklessly!
You are too injured to fight recklessly!
Unknown command.
You hit the ogre.
The ogre is lightly wounded.
You hit the ice beast but do no damage.
The ice beast hits you but does no damage.
You barely miss the ogre.
The ogre is lightly wounded.
You closely miss the ice beast.
The ice beast hits you but does no damage.
The ogre hits you with a +0 giant club.
The ice beast hits you but does no damage.
Unknown command.
You barely miss the ogre.
The ogre is lightly wounded.
You hit the ice beast but do no damage. The ogre barely misses you.
The ice beast barely misses you.
Unknown command.
You hit the ogre.
The ogre is moderately wounded.
You hit the ice beast. You block the ice beast's attack.
The ogre barely misses you.
You slash the ogre!
The ogre is severely wounded.
You slash the ice beast! You block the ice beast's attack.
The ogre hits you with a +0 giant club.
* * * LOW HITPOINT WARNING * * *
The ice beast hits you.
* * * LOW HITPOINT WARNING * * *
The ice beast freezes you.
You die...

.# .#
.... .#.#
... ###..
...
#.##.##>#
#..Y@O..#
####.####
#.# ..#
###


You could see an ice beast and an ogre.

Vanquished Creatures
  The ghost of pigah the Conjurer, an amateur OpWn (D:4)
  A centaur (D:5)
  2 kobold brigands (Sewer)
  A scorpion (D:5)
  2 hounds
  An orc wizard (D:3)
  Terence (D:2)
  2 iguanas (D:4)
  4 gnolls (D:3)
  7 adders
  An ufetubus (D:5)
  2 dart slugs (D:3)
  5 orcs
  6 bats
  10 endoplasms
  7 giant cockroaches
  4 goblins
  6 hobgoblins
  9 jackals
  6 quokkas
  10 ball pythons
  8 frilled lizards (D:1)
  13 kobolds
  12 rats
121 creatures vanquished.

Vanquished Creatures (others)
  8 plants (D:1)
8 creatures vanquished.

Grand Total: 129 creatures vanquished

Notes
Turn   | Place    | Note
-------+----------+-------------------------------------------
     0 | D:1      | bande the Gargoyle Fighter began the quest for the Orb.
     0 | D:1      | Reached XP level 1. HP: 14/14 MP: 1/1
   170 | D:1      | Found a faded altar of an unknown god.
   194 | D:1      | Reached XP level 2. HP: 19/19 MP: 2/2
   280 | D:1      | Reached skill level 2 in Axes
   866 | D:1      | Reached XP level 3. HP: 20/23 MP: 3/3
  1499 | D:2      | Found an ornate altar of the Wu Jian Council.
  1541 | D:2      | Found Usumias's Antique Armour Shop.
  1569 | D:2      | Noticed Terence
  1576 | D:2      | Killed Terence
  1577 | D:2      | Reached XP level 4. HP: 24/29 MP: 4/4
  2218 | D:3      | Reached skill level 3 in Axes
  2319 | D:3      | Found a white marble altar of Elyvilon.
  2380 | D:3      | Found a glowing drain.
  2398 | Sewer    | Entered a sewer
  2455 | Sewer    | Noticed a kobold brigand
  2456 | Sewer    | Noticed a kobold brigand
  2473 | Sewer    | Killed a kobold brigand
  2474 | Sewer    | Reached XP level 5. HP: 16/33 MP: 5/5
  2479 | Sewer    | Killed a kobold brigand
  2480 | Sewer    | Reached skill level 4 in Axes
  2480 | Sewer    | Reached XP level 6. HP: 13/38 MP: 6/6
  2790 | Sewer    | Found a white marble altar of Elyvilon.
  2926 | D:3      | Identified a scroll of acquirement
  2926 | D:3      | Acquired the +0 pair of gloves of Tomorrow {*Corrode Will++
                  | Int+4 Stlth+}
  3492 | D:4      | Noticed pigah's ghost (amateur OpWn)
  3494 | D:4      | Found a runed translucent gate.
  3494 | D:4      | Found a runed translucent gate.
  3494 | D:4      | Found a runed translucent gate.
  3806 | D:4      | Found a staircase to the Ecumenical Temple.
  3812 | Temple   | Entered the Ecumenical Temple
  4205 | D:4      | Reached XP level 7. HP: 43/44 MP: 7/7
  4319 | D:4      | Reached skill level 5 in Axes
  4406 | D:4      | Killed pigah's ghost
  4407 | D:4      | Reached skill level 1 in Evocations
  4435 | D:5      | Entered Level 5 of the Dungeon
  4754 | D:5      | Found a hazy altar of Hepliaklqana.
  5044 | D:6      | Slain by an ice beast

Illustrated notes

Levels and vault maps discovered:
D:1:      dpeg_arrival_water_temple_mockup, layout_basic,
          shapermc_ecumenical_altar_totnotflames, minmay_misc_feat_room,
          minmay_liquid_box, minmay_lizard_king
D:2:      layout_basic, basic_altar, serial_shops, nicolae_shop_statue_plus,
          uniq_terence
D:3:      minmay_recursive_quarters, layout_rooms,
          mainiacjoe_overflow_tiny_flanked, portal_sewer_entry_f
D:4:      layout_gridville, minmay_temple_entry_fiery, gammafunk_ghost_split
D:5:      layout_rooms, nicolae_hepliaklqana_hippocampus
D:6:      layout_loops_cross, general_overflow_altar, kennysheep_mini,
          nicolae_ossuary_entry_monument
Temple:   nicolae_temple_elliptical

Skill      XL: |  1  2  3  4  5  6  7 |
---------------+----------------------+-----
Axes           | 2 3 4 5 |  5.6
Fighting       | 4 |  4.9
Armour         | 4 |  4.7
Shields        | 4 |  4.7
Evocations     | 1 |  1.7
Stealth        | |  0.2

Action                     |  1- 3 |  4- 6 |  7- 9 || total
---------------------------+-------+-------+-------++-------
  Melee: War axe           |    93 |   195 |    59 ||   347
    Use: Scroll            |     5 |     4 |     2 ||    11
 Armour: Scale mail        |    55 |   102 |    40 ||   197
         Chain mail        |       |       |    14 ||    14
  Dodge: Dodged            |    49 |   117 |    32 ||   198
  Block: Buckler           |    22 |    44 |       ||    66
         Kite shield       |       |     9 |    40 ||    49

Table legend: (Time is in decaauts)
 A = Elapsed time spent in this place.
 B = Non-inter-level travel time spent in this place.
 C = Inter-level travel time spent in this place.
 D = Time resting spent in this place.
 E = Time spent auto-exploring this place.
 F = Levels seen in this place.
 G = Mean time per level.
                   A        B        C        D        E       F      G
               +--------+--------+--------+--------+--------+-----+--------+
         Total |   5224 |   4963 |    261 |    706 |   3106 |   8 |  653.0 |
       Dungeon |   4504 |   4243 |    261 |    417 |   2871 |   6 |  750.7 |
        Temple |    185 |    185 |      0 |      0 |    118 |   1 |  185.0 |
         Sewer |    533 |    533 |      0 |    289 |    117 |   1 |  533.0 |
               +--------+--------+--------+--------+--------+-----+--------+

Top non-repeatable levels by time:
     D:1: 1486 daAuts
     D:4: 897 daAuts
     D:2: 777 daAuts
     D:3: 721 daAuts
     D:5: 607 daAuts
   Sewer: 533 daAuts
  Temple: 185 daAuts
     D:6: 14 daAuts
